 Dungeon Crawl Stone Soup version 0.14-a0-3367-g7c2a7eb (webtiles) character file.

123 KaKa the Fey Cat (level 3, -2/16 HPs)
             Began as a Felid Death Knight on Mar 19, 2014.
             Was a Believer of Yredelemnul.
             Killed from afar by an orc wizard (10 damage)
             ... with a magic dart
             ... on Level 3 of the Dungeon.
             The game lasted 00:12:19 (2189 turns).

KaKa the Fey Cat (Felid Death Knight)               Turns: 2189, Time: 00:12:19

HP  -2/16        AC  1     Str  9      XL: 3   Next: 73%
MP   7/7         EV 18     Int 13      God: Yredelemnul [**....]
Gold 66          SH  0     Dex 15      Spells:  0 memorised,  2 levels left
Lives: 0, deaths: 0

rFire  . . .     SeeInvis +       - Unarmed
rCold  . . .     Clarity  .     (armour unavailable)
rNeg   . . .     Conserve .     (shield unavailable)
rPois  .         rCorr    .     (helmet unavailable)
rElec  .         rRot     .     (cloak unavailable)
SustAb . .       Spirit   .     (gloves unavailable)
rMut   .         Warding  .     (boots unavailable)
Saprov . . .     Stasis   .     (no amulet)
MR     .....                    (no ring)
                                (no ring)

@: quick, not resistant to hostile enchantments, fairly stealthy
A: paw claws, no armour, no weapons or thrown items, fangs 3, see invisible,
carnivore 3, speed 1, shaggy fur 1, slow metabolism 1, jump 1
a: Jump Attack, Animate Remains, Recall Undead Slaves, Injury Mirror, Renounce
Religion


You were on level 3 of the Dungeon.
You worshipped Yredelemnul.
Yredelemnul was pleased with you.
You were full.

You visited 1 branch of the dungeon, and saw 3 of its levels.

You collected 66 gold pieces.

Inventory:

Comestibles
 c - 2 meat rations
Scrolls
 a - a scroll of identify
 b - 2 scrolls of remove curse
 d - a scroll of teleportation {unknown}
 f - 2 scrolls of fog {unknown}
 g - a scroll of recharging {unknown}
 i - 2 scrolls of immolation {unknown}
 j - a scroll of amnesia {unknown}
 l - a scroll of magic mapping {unknown}
Potions
 e - a potion of confusion {unknown}
 h - a potion of mutation {unknown}
 k - a potion of lignification {unknown}
 m - a potion of curing


   Skills:
 + Level 2.3 Fighting
 + Level 3.3 Dodging
 + Level 2.2 Unarmed Combat
 + Level 3.6 Invocations


You had 2 spell levels left.
You didn't know any spells.

Dungeon Overview and Level Annotations

Branches:
Dungeon (3/15)

Altars:
Trog

Annotations:
D:3 Sigmund, Terence


Innate Abilities, Weirdness & Mutations

You cannot wear armour.
You are incapable of wielding weapons or throwing items.
Your paws have sharp claws.
You have razor-sharp teeth.
You have supernaturally acute eyesight.
You are carnivorous and can eat meat at any time.
You cover ground quickly.
You are covered in fur (AC +1).
You have a slow metabolism.
You can jump attack at a short distance.


Message History

Found 5 gold pieces.
You swap places.
Sigmund points at you and mumbles some strange words.
The magic dart hits your rat zombie.
Your rat zombie bites Sigmund.
Sigmund points at you and mumbles some strange words.
The magic dart hits you!
A hobgoblin comes into view. It is wielding a club.
The hobgoblin shouts!
An orc wizard comes into view. It is wielding a dagger.
The orc wizard shouts!
You hear a shout!
You closely miss the orc wizard. The orc wizard closely misses you.
You closely miss the orc wizard. The orc wizard hits you with a dagger.
An orc comes into view. It is wielding a flail.
You barely miss the orc wizard. Your bite misses the orc wizard.
The orc wizard points at you and mumbles some strange words.
The magic dart hits you!
Ouch! That really hurt!
You die...
Your body rises from the dead as a mindless zombie.

##.......).........######
..........@...............
.#.############.###......
.#.###..........###....%#
.#.#.#.#.#.#.#.#.#.#.....
#.#.#.#.#.#.#.#.#.#..$..
.#.#.#.#.#.#.#.#.#.#.#.
#.#.#.#.#.#g#.#g#.#.#
.#.#.#.#.#.#.#.#@#.#.#
#.#.#.#.#.#.#.#o#.#.# .#
#.#.#.#.#o#.#.#.# # # #
#.#.# # #.#.# #.# #.#.#
#.# #.# # #


You could see an orc wizard, an orc and a hobgoblin.

Vanquished Creatures
  An adder (D:3)
  2 giant geckos
  An ooze (D:1)
  7 bats
  5 goblins
  4 hobgoblins
  3 kobolds
  A ball python (D:2)
  5 giant cockroaches
  A giant newt (D:1)
  8 rats
38 creatures vanquished.

Vanquished Creatures (collateral kills)
  A ball python (D:2)
  A goblin (D:2)
  A hobgoblin (D:2)
  2 bats
  A rat (D:2)
6 creatures vanquished.

Vanquished Creatures (others)
  A bat zombie (D:2)
  A goblin zombie (D:1)
  A rat zombie (D:3)
3 creatures vanquished.

Grand Total: 47 creatures vanquished

Notes
Turn   | Place    | Note
--------------------------------------------------------------
     0 | D:1      | KaKa, the Felid Death Knight, began the quest for the Orb.
     0 | D:1      | Reached XP level 1. HP: 9/9 MP: 2/2
   361 | D:1      | Reached skill level 3 in Invocations
   381 | D:1      | Reached XP level 2. HP: 4/13 MP: 2/4
  1467 | D:2      | Reached XP level 3. HP: 16/16 MP: 7/7
  1487 | D:2      | Acquired Yredelemnul's second power
  1640 | D:2      | Found a bloodstained altar of Trog.
  2141 | D:3      | Noticed Sigmund
  2144 | D:3      | Noticed Terence
  2189 | D:3      | Killed from afar by an orc wizard

Action                   || total
-------------------------++-------
Melee: Unarmed           ||   121
Invok: Animate Remains   ||    13
       Recall Undead Sla ||     1
  Use: Scroll            ||     2
       Potion            ||     1
 Stab: Sleeping          ||     4
